[Event "25th Zadar Open 2018"]
[Site "Zadar"]
[Date "2018.12.21"]
[Round "8.27"]
[White "Sapale Saloni"]
[Black "Bilobrk, Franjo"]
[Result "0-1"]
[ECO "B90"]
[WhiteElo "2187"]
[BlackElo "2364"]
[Annotator "NA"]
[PlyCount "90"]
[EventDate "2018.12.15"]
[EventType "swiss"]
[EventCountry "CRO"]
[SourceTitle "playchess.com"]
[Source "ChessBase"]
[SourceQuality "1"]
[TimeControl "40/5400+30:1800+30"]

1. e4 c5 2. Nf3 d6 3. d4 cxd4 4. Nxd4 Nf6 5. Nc3 a6 6. Be3 e5 7. Nb3 Be6 8. f3 h5 9. Qd2 Nbd7 10. Nd5 {[%emt 0:00:00] B90: Sicilian Najdorf: Unusual White 6th moves, 6 Be3 Ng4 and 6 Be3 e5} Bxd5 11. exd5 g6 12. Be2 Bg7 13. O-O (13. O-O-O O-O 14. g4 a5 15. a4 Nb6 16. gxh5 Nxh5 17. Bb5 Nf6 {0-1 (71) Leko,P (2690)-Vachier Lagrave,M (2780) Batumi 2018}) 13... O-O 14. Na5 Qc7 15. c4 e4 16. f4 Ng4 17. Bxg4 hxg4 {[%emt 0:00:30] [#]} 18. Rac1 $146 Nc5 19. b4 Nd3 20. Rc2 b6 21. Nc6 f5 22. c5 bxc5 23. bxc5 Rf7 24. Nb4 Nxc5 25. Rfc1 Qb6 26. Nc6 Re8 27. Qf2 Bf8 28. Bxc5 dxc5 29. Ne5 Bg7 30. Rxc5 Rb7 31. Rc8 Rxc8 32. Rxc8+ Kh7 33. Qxb6 Rxb6 34. Rc6 Rb5 35. Rd6 $2 (35. Nxg6 $11 {and White is okay.} Rxd5 36. Rxa6) 35... g5 36. g3 $19 (36. Ng6 $142 Rb2 37. Kf1) 36... Bxe5 37. fxe5 f4 38. gxf4 gxf4 39. Rf6 Rb1+ 40. Kg2 Rb2+ 41. Kg1 f3 42. Rc6 e3 43. Rc1 Rg2+ 44. Kh1 e2 45. d6 f2 0-1

[Event "25th Zadar Open 2018"]
[Site "Zadar"]
[Date "2018.12.22"]
[Round "9.5"]
[White "Omelja, Artem"]
[Black "Rezan, Sasa"]
[Result "1-0"]
[ECO "A17"]
[WhiteElo "2457"]
[BlackElo "2421"]
[Annotator "ChessBase"]
[PlyCount "141"]
[EventDate "2018.12.15"]
[EventType "swiss"]
[EventCountry "CRO"]
[SourceTitle "playchess.com"]
[Source "ChessBase"]
[SourceQuality "1"]
[TimeControl "40/5400+30:1800+30"]

1. Nf3 Nf6 2. c4 e6 3. Nc3 d5 4. e3 a6 5. b3 c5 6. Bb2 Nc6 7. cxd5 exd5 8. d4 cxd4 9. Nxd4 Bd7 10. Be2 Bc5 11. Nxc6 Bxc6 12. Bf3 O-O 13. O-O Qd6 14. Qd3 d4 15. exd4 Bxd4 16. Ne4 Bxe4 17. Bxe4 Nxe4 18. Bxd4 Nc5 19. Qe3 Ne6 20. Be5 Qe7 21. Rfe1 Rfe8 22. Qg3 f6 23. Bc3 Qf7 24. h4 Nf8 25. Qf3 Rad8 26. Rxe8 Rxe8 27. Rd1 h6 28. g3 Ng6 29. Kg2 Nf8 30. Rd6 Ne6 31. Qf5 Nf8 32. Qg4 Ne6 33. Rb6 Kh8 34. Qf5 Qc7 35. Rxe6 Rxe6 36. Qxe6 Qxc3 37. Qe8+ Kh7 38. Qe4+ Kh8 39. Qe8+ Kh7 40. Qe4+ Kh8 41. Qxb7 Qd3 42. Qc8+ Kh7 43. Qc4 Qd6 44. b4 Qb6 45. a4 Qb7+ 46. Kg1 f5 47. b5 axb5 48. axb5 f4 49. Qc6 Qe7 50. Qc2+ g6 51. b6 Qb4 52. Qc7+ Kg8 53. gxf4 Qe1+ 54. Kg2 Qe4+ 55. Kf1 Qh1+ 56. Ke2 Qe4+ 57. Kd2 Qd4+ 58. Kc1 Qa1+ 59. Kc2 Qa4+ 60. Kc3 Qa3+ 61. Kc4 Qa4+ 62. Kc5 Qa5+ 63. Kc6 Qa8+ 64. b7 Qa4+ 65. Kb6 Qb4+ 66. Ka7 Qa4+ 67. Kb8 h5 68. Kc8 Qa6 69. Kd7 Qa4+ 70. Qc6 Qd4+ 71. Ke8 1-0

[Event "25th Zadar Open 2018"]
[Site "Zadar"]
[Date "2018.12.22"]
[Round "9.10"]
[White "Loncar, Robert"]
[Black "Kurayan, Ruslan"]
[Result "1-0"]
[ECO "A65"]
[WhiteElo "2397"]
[BlackElo "2391"]
[Annotator "NA RC"]
[PlyCount "103"]
[EventDate "2018.12.15"]
[EventType "swiss"]
[EventCountry "CRO"]
[SourceTitle "playchess.com"]
[Source "ChessBase"]
[SourceQuality "1"]
[TimeControl "40/5400+30:1800+30"]

1. d4 Nf6 2. c4 g6 3. Nc3 Bg7 4. e4 d6 5. h3 O-O 6. Bg5 a6 7. Bd3 c5 8. d5 e6 9. a4 exd5 10. cxd5 Nbd7 {[%emt 0:08:30] LiveBook: 17 Games} 11. Nf3 Rb8 $146 {[%emt 0:06:30] A65: Modern Benoni: 6 e4} (11... Re8 12. O-O Qe7 13. Nd2 h6 14. Be3 Ne5 15. Be2 g5 16. f4 gxf4 17. Bxf4 Nfd7 18. Bh5 Rf8 19. Bh2 Rb8 20. Qe2 {0-1 (36) Aczel,G (2549)-Indjic,A (2611) Budapest 2017}) 12. O-O h6 13. Bf4 Qe7 14. Re1 Nh5 15. Be3 Qf6 16. Qd2 g5 17. e5 dxe5 18. Ne4 Qd8 19. Nxc5 Nxc5 20. Bxc5 Re8 21. Rad1 b6 22. Bb4 Nf4 23. Bb1 a5 24. Bc3 Qd6 25. Qc2 f5 26. g3 Nxh3+ 27. Kh2 g4 28. Nd4 Ng5 29. f4 exd4 30. Rxe8+ Kf7 31. Rxc8 Nf3+ 32. Kg2 Nh4+ 33. gxh4 Qxd5+ 34. Kg1 Rxc8 35. Ba2 Qxa2 36. Qxf5+ Bf6 37. Qxc8 dxc3 38. Rd7+ Kg6 39. Qe8+ Kf5 40. Qh5+ Bg5 41. Rf7+ Ke4 42. Qg6+ Ke3 43. Qxb6+ Ke2 44. Qf2+ Kd3 45. Rd7+ Kc4 46. b3+ Kxb3 47. Rb7+ Ka3 48. Qc5+ Kxa4 49. Qc6+ Ka3 50. Qxc3+ Ka4 51. hxg5 hxg5 52. Qxa5+ 1-0

[Event "25th Zadar Open 2018"]
[Site "Zadar"]
[Date "2018.12.22"]
[Round "9.11"]
[White "Bukal, Vladimir Jr."]
[Black "Nester, Ihor"]
[Result "1/2-1/2"]
[ECO "A80"]
[WhiteElo "2390"]
[BlackElo "2337"]
[Annotator "NA"]
[PlyCount "124"]
[EventDate "2018.12.15"]
[EventType "swiss"]
[EventCountry "CRO"]
[SourceTitle "playchess.com"]
[Source "ChessBase"]
[SourceQuality "1"]
[TimeControl "40/5400+30:1800+30"]

1. d4 f5 2. Bf4 Nf6 3. e3 g6 4. h4 h6 {[%emt 0:03:00] LiveBook: 21 Games A80: Dutch Defence: Unusual White second moves} 5. Qf3 d6 6. Nc3 Bg7 (6... c6 7. O-O-O Be6 8. Bd3 Qa5 9. a3 Nbd7 10. e4 O-O-O 11. Nge2 fxe4 12. Nxe4 {½-½ (40) Sjugirov,S (2650)-Nepomniachtchi,I (2729) Riadh 2017}) 7. Bc4 e6 8. O-O-O $146 ({Predecessor:} 8. Qg3 Kf7 9. Be2 Nc6 10. O-O-O Qe7 11. Nh3 {0-1 (44) Bortnyk,O (2600)-Gasanov,E (2482) Omelnyk 2017}) 8... Qe7 9. Qg3 (9. Nge2 $14) 9... Qf7 10. Nf3 Nc6 11. h5 Nxh5 12. Rxh5 gxh5 13. Nh4 Bf6 {[%emt 0:05:00] [#]} (13... Rg8 $17 14. Qf3 Ne7) 14. Nxf5 $1 Bg5 15. Nb5 Bxf4 16. exf4 Kd8 17. Qh4+ Ne7 18. Ne3 Rf8 19. g3 Bd7 20. Nc3 d5 21. Be2 Be8 22. Rh1 Qg7 23. Bxh5 Kd7 24. Bg4 c6 25. Qxh6 Qxh6 26. Rxh6 Bg6 27. Kd2 Rh8 28. Rxh8 Rxh8 29. Bf3 Bf5 30. Ncd1 Nc8 31. Ng4 Bxg4 32. Bxg4 Nd6 33. Ne3 Ne4+ 34. Ke1 Rh2 35. f5 exf5 36. Bxf5+ Ke7 37. Bxe4 dxe4 38. Ke2 Ke6 39. c4 Rh1 40. Nf1 b6 41. g4 Rg1 42. Ng3 Rb1 43. b3 Rb2+ 44. Ke3 Rxa2 45. Nxe4 Rb2 46. Nd2 a5 47. f4 b5 48. d5+ Ke7 49. dxc6 bxc4 $11 50. Nxc4 Rxb3+ 51. Kd4 a4 52. f5 a3 53. f6+ Kxf6 54. c7 a2 55. c8=Q a1=Q+ 56. Kc5 Qg1+ 57. Kc6 Qg2+ 58. Kc5 Qf2+ 59. Kc6 Qf3+ 60. Kc5 Qf2+ 61. Kc6 Qg2+ 62. Kc5 Qf2+ 1/2-1/2

[Event "25th Zadar Open 2018"]
[Site "Zadar"]
[Date "2018.12.22"]
[Round "9.12"]
[White "Spalir, Jernej"]
[Black "Ustianovich, Nazar"]
[Result "1/2-1/2"]
[ECO "D10"]
[WhiteElo "2336"]
[BlackElo "2383"]
[Annotator "NA"]
[PlyCount "57"]
[EventDate "2018.12.15"]
[EventType "swiss"]
[EventCountry "CRO"]
[SourceTitle "playchess.com"]
[Source "ChessBase"]
[SourceQuality "1"]
[TimeControl "40/5400+30:1800+30"]

1. d4 d5 2. c4 c6 3. cxd5 cxd5 4. Bf4 Nc6 5. e3 Nf6 6. Nc3 a6 7. Bd3 Bg4 8. Nge2 e6 9. O-O Bxe2 10. Qxe2 Bd6 11. Bg5 Be7 {[%emt 0:05:30] D10: Slav Defence: 3 cxd5 (without early Nf3) and 3 Nc3} 12. Rac1 {[%emt 0:02:30] LiveBook: 11 Games} Nd7 13. Bxe7 Qxe7 14. Na4 O-O 15. Nc5 Nxc5 16. Rxc5 Rfc8 17. Rfc1 Qd7 $146 18. a3 Ne7 19. b4 g6 20. h4 b6 21. Rxc8+ Rxc8 22. Rxc8+ Qxc8 23. Bxa6 Qc1+ 24. Kh2 Nf5 $11 25. Bd3 Nd6 26. a4 Qa3 27. a5 bxa5 28. bxa5 Qxa5 29. h5 1/2-1/2

[Event "25th Zadar Open 2018"]
[Site "Zadar"]
[Date "2018.12.22"]
[Round "9.13"]
[White "Paszewski, Mateusz"]
[Black "Krstulovic, Alex"]
[Result "1/2-1/2"]
[ECO "B23"]
[WhiteElo "2342"]
[BlackElo "2313"]
[Annotator "NA"]
[PlyCount "94"]
[EventDate "2018.12.15"]
[EventType "swiss"]
[EventCountry "CRO"]
[SourceTitle "playchess.com"]
[Source "ChessBase"]
[SourceQuality "1"]
[TimeControl "40/5400+30:1800+30"]

1. e4 c5 2. Nc3 d6 3. d4 cxd4 {[%emt 0:01:00] B23: Closed Sicilian: Lines without g3} 4. Qxd4 Nf6 (4... Nc6 5. Qd2 g6 6. b3 Bh6 7. f4 f5 8. Bb2 Nf6 9. Bd3 Qa5 10. exf5 Bxf5 11. Nge2 Bxd3 12. Qxd3 {1-0 (42) Nakamura,H (2769)-Grischuk,A (2766) Leuven 2018}) 5. b3 (5. Bg5 $14) 5... Nc6 6. Qd2 g6 7. Bb2 Bg7 {[%emt 0:00:30] LiveBook: 10 Games} 8. O-O-O O-O 9. f3 Qa5 10. Kb1 Bd7 11. g4 Rfc8 $146 12. Nge2 b5 13. g5 Nh5 14. Nd5 Qxd2 15. Rxd2 Be6 16. Ng3 Nxg3 17. hxg3 Bxb2 18. Kxb2 Rab8 19. Rdh2 h5 20. Nf4 Nd4 21. Rf2 Rc5 22. c3 Nc6 23. Nxe6 fxe6 24. f4 b4 25. c4 Rf8 26. Bh3 Rxg5 27. Rg2 Rc5 28. Bxe6+ Kg7 29. Kc1 Nd4 30. Bd7 e5 31. Kd2 {[%emt 0:01:01] [#]} ({White should play} 31. Rd2) 31... h4 ({Worse is} 31... exf4 32. gxf4 Rc7 33. Ke3 $14) (31... Rf7 $1 $17 32. Ba4 a6) 32. Ke3 Rc7 33. Bg4 hxg3 34. fxe5 dxe5 35. Rxg3 Rh8 36. Rhg1 Rc6 37. Bd1 Rh2 38. R3g2 Rh3+ 39. Rg3 Rh2 40. R3g2 Rh3+ 41. Rg3 $15 Rxg3+ 42. Rxg3 Rd6 43. Rg1 Ne6 44. Bc2 Nc5 45. Rg2 Ne6 46. Rg1 Ra6 47. Bb1 Rd6 1/2-1/2

[Event "25th Zadar Open 2018"]
[Site "Zadar"]
[Date "2018.12.22"]
[Round "9.14"]
[White "Muha, Miljenko"]
[Black "Tica, Sven"]
[Result "1/2-1/2"]
[ECO "D30"]
[WhiteElo "2334"]
[BlackElo "2439"]
[Annotator "RC"]
[PlyCount "97"]
[EventDate "2018.12.15"]
[EventType "swiss"]
[EventCountry "CRO"]
[SourceTitle "playchess.com"]
[Source "ChessBase"]
[SourceQuality "1"]
[TimeControl "40/5400+30:1800+30"]

1. d4 Nf6 2. Nf3 e6 3. c4 d5 4. e3 a6 5. b3 b6 6. Bd3 Bb7 7. O-O Bd6 8. Bb2 O-O 9. Nbd2 Nbd7 10. Rc1 Ne4 11. Qc2 f5 12. cxd5 exd5 13. Ne5 Qe7 14. Nc6 Bxc6 15. Bxe4 fxe4 16. Qxc6 Qe6 17. Ba3 Nc5 18. g3 Nd3 19. Rc3 b5 20. Bc5 b4 21. Rxd3 exd3 22. Bxb4 Rfe8 23. Ba5 g5 24. Nb1 Bf8 25. Qxe6+ Rxe6 26. Rd1 Rc6 27. Nc3 Rb8 28. Rxd3 g4 29. Kg2 Kf7 30. Rd1 Ba3 31. h3 gxh3+ 32. Kxh3 Bb2 33. Na4 Rc2 34. Rd2 Rxd2 35. Bxd2 Ba3 36. Kg2 Ke6 37. Kf3 h5 38. Ke2 Bd6 39. Nb2 Kf5 40. Nd3 c6 41. Ne1 Kg4 42. Nd3 Rb7 43. Be1 Kf5 44. Kf3 Rb8 45. Bd2 Rb5 46. Bc3 Rb8 47. Bd2 Rb5 48. Bc3 Rb8 49. Bd2 1/2-1/2

[Event "25th Zadar Open 2018"]
[Site "Zadar"]
[Date "2018.12.22"]
[Round "9.15"]
[White "Nielsen, Hogni Egilstoft"]
[Black "Cebalo, Miso"]
[Result "1-0"]
[ECO "B75"]
[WhiteElo "2400"]
[BlackElo "2262"]
[Annotator "RC"]
[PlyCount "111"]
[EventDate "2018.12.15"]
[EventType "swiss"]
[EventCountry "CRO"]
[SourceTitle "playchess.com"]
[Source "ChessBase"]
[SourceQuality "1"]
[TimeControl "40/5400+30:1800+30"]

1. e4 c5 2. Nf3 d6 3. d4 cxd4 4. Nxd4 Nf6 5. Nc3 g6 6. Be3 a6 7. f3 Bg7 8. Qd2 h5 9. Bc4 b5 10. Bb3 Bb7 11. O-O-O Nbd7 12. a3 Rc8 13. Kb1 Qc7 14. h3 h4 15. Rhe1 Nb6 16. e5 Nfd5 17. Nxd5 Nxd5 18. exd6 Qxd6 19. Nxb5 axb5 20. Bxd5 Ba6 21. Qa5 Qc7 22. Qxc7 Rxc7 23. Bb6 Rc8 24. Bc6+ Kf8 25. Rd7 Bf6 26. Be4 Rb8 27. Ba5 b4 28. Bxb4 Rh5 29. f4 Kg7 30. Bd3 Bxd3 31. Rxd3 Rf5 32. Re4 g5 33. fxg5 Rxg5 34. Rxh4 Rxg2 35. Rg4+ Rxg4 36. hxg4 Kg6 37. Bc3 Bxc3 38. Rxc3 Kg5 39. Rc4 e5 40. Kc1 Kh4 41. a4 Kg3 42. a5 Kf3 43. a6 Ra8 44. Rc7 Rxa6 45. Rxf7+ Ke2 46. b4 e4 47. g5 e3 48. Rf6 Ra1+ 49. Kb2 Rg1 50. g6 Ke1 51. b5 e2 52. b6 Rf1 53. Re6 Rf8 54. g7 Rg8 55. b7 Kf2 56. c4 1-0

[Event "25th Zadar Open 2018"]
[Site "Zadar"]
[Date "2018.12.22"]
[Round "9.16"]
[White "Djoric, Dusan"]
[Black "Jakic, Ivan"]
[Result "1-0"]
[ECO "B87"]
[WhiteElo "2298"]
[BlackElo "2393"]
[Annotator "NA"]
[PlyCount "81"]
[EventDate "2018.12.15"]
[EventType "swiss"]
[EventCountry "CRO"]
[SourceTitle "playchess.com"]
[Source "ChessBase"]
[SourceQuality "1"]
[TimeControl "40/5400+30:1800+30"]

1. e4 c5 2. Nf3 d6 3. d4 cxd4 4. Nxd4 Nf6 5. Nc3 a6 6. Bc4 e6 7. Bb3 b5 8. a3 Be7 9. O-O O-O 10. Be3 Bd7 11. f4 Nc6 12. f5 {[%emt 0:00:30] LiveBook: 3 Games} Nxd4 13. Bxd4 Rc8 $146 {[%emt 0:02:30] B87: Sicilian Scheveningen/Najdorf: 6 Bc4, with early ...b5} ({Predecessor:} 13... exf5 14. exf5 Bc6 15. Qd3 Re8 16. Rad1 d5 17. Kh1 Qd6 18. Bxf6 Bxf6 19. Bxd5 Bxd5 20. Nxd5 Rad8 21. c3 {½-½ (30) Karsay,P (2071)-Moench,D (1798) Wiesbaden 2015}) 14. fxe6 Bxe6 15. h3 Nd7 16. Bxe6 $1 fxe6 17. Qg4 e5 18. Be3 Nf6 19. Qe6+ Kh8 20. Bg5 Qe8 (20... a5 $14) 21. Bxf6 Bxf6 22. Qxd6 Rc6 23. Qd3 Qc8 24. Rf2 Be7 25. Rxf8+ Bxf8 26. Kh2 h6 27. Rf1 Bxa3 28. Nxb5 Bc5 29. Nc3 Bd4 30. Nd5 Rxc2 {[%emt 0:07:30] [#]} 31. Ne7 $1 Qc4 $2 {[%emt 0:03:30] [#]} (31... Qc5 $16) 32. Qf3 $1 ({Weaker is} 32. Rf8+ Kh7 $16) 32... Be3 33. Qf8+ $18 Kh7 34. Qf5+ Kh8 35. b3 Qxb3 36. Rb1 Rxg2+ 37. Kxg2 Qc2+ 38. Kg3 Bf4+ 39. Kh4 Qf2+ 40. Kh5 Qf3+ 41. Kg6 1-0

[Event "25th Zadar Open 2018"]
[Site "Zadar"]
[Date "2018.12.22"]
[Round "9.17"]
[White "Mendonca, Leon Luke"]
[Black "Volotovsky, Kirill"]
[Result "1-0"]
[ECO "E10"]
[WhiteElo "2350"]
[BlackElo "2179"]
[Annotator "ChessBase"]
[PlyCount "55"]
[EventDate "2018.12.15"]
[EventType "swiss"]
[EventCountry "CRO"]
[SourceTitle "playchess.com"]
[Source "ChessBase"]
[SourceQuality "1"]
[TimeControl "40/5400+30:1800+30"]

1. d4 Nf6 2. c4 e6 3. Nf3 c5 4. d5 b5 5. dxe6 fxe6 6. cxb5 d5 7. e3 a6 8. Nc3 Bd6 9. b3 O-O 10. Bb2 Bb7 11. Be2 e5 12. bxa6 Nxa6 13. Nb5 e4 14. Ng5 Nc7 15. Nxd6 Qxd6 16. O-O Ba6 17. Bxa6 Rxa6 18. f3 exf3 19. Rxf3 Qe7 20. Qd3 Rfa8 21. Raf1 Nce8 22. a3 Rb6 23. Nxh7 c4 24. Nxf6+ Nxf6 25. Bxf6 Qf7 26. Bd4 Qxf3 27. gxf3 cxd3 28. Bxb6 1-0

[Event "25th Zadar Open 2018"]
[Site "Zadar"]
[Date "2018.12.22"]
[Round "9.18"]
[White "Jeet, Jain"]
[Black "Nielsen, Rogvi Egilstoft"]
[Result "1/2-1/2"]
[ECO "B00"]
[WhiteElo "2212"]
[BlackElo "2339"]
[Annotator "ChessBase"]
[PlyCount "67"]
[EventDate "2018.12.15"]
[EventType "swiss"]
[EventCountry "CRO"]
[SourceTitle "playchess.com"]
[Source "ChessBase"]
[SourceQuality "1"]
[TimeControl "40/5400+30:1800+30"]

1. e4 b6 2. d4 Bb7 3. Nc3 e6 4. a3 Ne7 5. f4 d5 6. e5 c5 7. Nf3 Nf5 8. Ne2 h5 9. c3 Be7 10. g3 a5 11. Neg1 Ba6 12. Bxa6 Rxa6 13. Ne2 Qd7 14. h3 Nc6 15. Kf2 a4 16. g4 Nh4 17. Nxh4 Bxh4+ 18. Kg2 Be7 19. Qd3 Ra8 20. f5 hxg4 21. hxg4 Rxh1 22. Kxh1 Kd8 23. Nf4 cxd4 24. fxe6 fxe6 25. cxd4 Kc7 26. Ng6 Kb7 27. Bd2 Rc8 28. Kg2 Qd8 29. Rh1 Qg8 30. Rh8 Qf7 31. Rh1 Qg8 32. Rh8 Qf7 33. Rh1 Qg8 34. Rh8 1/2-1/2

[Event "25th Zadar Open 2018"]
[Site "Zadar"]
[Date "2018.12.22"]
[Round "9.19"]
[White "Sokac, Marko"]
[Black "Ivekovic, Bozidar"]
[Result "0-1"]
[ECO "B67"]
[WhiteElo "2301"]
[BlackElo "2406"]
[Annotator "NA RC"]
[PlyCount "63"]
[EventDate "2018.12.15"]
[EventType "swiss"]
[EventCountry "CRO"]
[SourceTitle "playchess.com"]
[Source "ChessBase"]
[SourceQuality "1"]
[TimeControl "40/5400+30:1800+30"]

1. e4 c5 2. Nf3 d6 3. d4 cxd4 4. Nxd4 Nf6 5. Nc3 Nc6 6. Bg5 e6 7. Qd2 a6 8. O-O-O Bd7 9. f4 b5 10. Bxf6 gxf6 11. Kb1 {[%emt 0:00:30] LiveBook: 872 Games} Qb6 12. Nxc6 Bxc6 13. f5 O-O-O {[%emt 0:00:30] [#] B67: Sicilian: Richter-Rauzer: 7...a6 8 0-0-0 Bd7, lines without 9 f4 Be7} 14. Qd3 $146 ({Predecessor:} 14. fxe6 fxe6 15. a3 Be7 16. g3 Rdg8 17. Bh3 Bd7 18. Ne2 Rg5 19. Nf4 Re5 20. Rhe1 Kb8 21. Nd3 Rh5 22. Nf4 Re5 23. Nd3 Rh5 24. Nf4 {½-½ (24) Magem Badals,J (2543)-Salgado Lopez,I (2662) Monzon 2016}) 14... b4 15. Ne2 d5 16. Nf4 $2 (16. fxe6 $11 dxe4 17. Qxd8+ Qxd8 18. Rxd8+ Kxd8 19. exf7) 16... Bh6 17. Qxa6+ (17. Qg3 $17 {might work better.} dxe4 18. Bc4 Rxd1+ 19. Rxd1) 17... Kc7 18. Nh5 dxe4 {[%emt 0:02:30] Discovered Attack (Double check)} 19. Qe2 $2 (19. Qxb6+ {is tougher.} Kxb6 20. Bc4) 19... exf5 20. Re1 Bd5 21. Ng3 Ra8 22. b3 Qa5 23. a4 $19 bxa3 24. Ka2 Qc3 25. Rb1 Bc1 26. Nxf5 Qb2+ 27. Rxb2 axb2+ 28. Qa6 Rxa6+ 29. Bxa6 Ra8 30. Ka3 b1=Q+ 31. Kb4 Rxa6 32. Kc5 0-1

[Event "25th Zadar Open 2018"]
[Site "Zadar"]
[Date "2018.12.22"]
[Round "9.21"]
[White "Bilobrk, Franjo"]
[Black "Bosnjak, Petar"]
[Result "1/2-1/2"]
[ECO "E05"]
[WhiteElo "2364"]
[BlackElo "2255"]
[Annotator "ChessBase"]
[PlyCount "85"]
[EventDate "2018.12.15"]
[EventType "swiss"]
[EventCountry "CRO"]
[SourceTitle "playchess.com"]
[Source "ChessBase"]
[SourceQuality "1"]
[TimeControl "40/5400+30:1800+30"]

1. Nf3 Nf6 2. c4 e6 3. g3 d5 4. Bg2 Be7 5. O-O O-O 6. d4 dxc4 7. Qc2 a6 8. a4 Bd7 9. Qxc4 Bc6 10. Bg5 Bd5 11. Qc2 Be4 12. Qc1 h6 13. Bxf6 Bxf6 14. Nc3 Bxf3 15. Bxf3 c6 16. Rd1 a5 17. Ne4 Na6 18. Kg2 Nb4 19. h4 Be7 20. Qc4 Nd5 21. Rab1 Qb6 22. Nc3 Nb4 23. e3 Rac8 24. Rd2 Rfe8 25. Rbd1 Nd5 26. Na2 Red8 27. Nc3 Nf6 28. e4 Qb4 29. Qe2 Bf8 30. Rd3 Rd7 31. Qc2 Rcd8 32. Na2 Qb6 33. Qc3 Qa7 34. Qc4 Qb6 35. R1d2 Be7 36. Rb3 Qa7 37. Rbd3 Qb6 38. b3 Ba3 39. Qc3 Be7 40. Rd1 Ba3 41. R1d2 Bf8 42. Rd1 Ba3 43. R1d2 1/2-1/2

[Event "25th Zadar Open 2018"]
[Site "Zadar"]
[Date "2018.12.22"]
[Round "9.22"]
[White "Sinanovic, Muhamed"]
[Black "Pallitsch, Clemens"]
[Result "1/2-1/2"]
[ECO "A33"]
[WhiteElo "2325"]
[BlackElo "2176"]
[Annotator "ChessBase"]
[PlyCount "22"]
[EventDate "2018.12.15"]
[EventType "swiss"]
[EventCountry "CRO"]
[SourceTitle "playchess.com"]
[Source "ChessBase"]
[SourceQuality "1"]
[TimeControl "40/5400+30:1800+30"]

1. c4 Nf6 2. g3 c5 3. Bg2 e6 4. Nf3 Be7 5. O-O O-O 6. d4 cxd4 7. Nxd4 d6 8. Nc3 a6 9. b3 Qc7 10. Bb2 Nc6 11. Rc1 Bd7 1/2-1/2

[Event "25th Zadar Open 2018"]
[Site "Zadar"]
[Date "2018.12.22"]
[Round "9.23"]
[White "Chan, Kim Yew"]
[Black "Biliskov, Vjekoslav"]
[Result "1/2-1/2"]
[ECO "A13"]
[WhiteElo "2175"]
[BlackElo "2313"]
[Annotator "NA"]
[PlyCount "58"]
[EventDate "2018.12.15"]
[EventType "swiss"]
[EventCountry "CRO"]
[SourceTitle "playchess.com"]
[Source "ChessBase"]
[SourceQuality "1"]
[TimeControl "40/5400+30:1800+30"]

1. Nf3 d5 2. c4 e6 3. b3 dxc4 {[%emt 0:00:30] A13: English Opening: 1...e6} (3... d4 4. g3 c5 5. e3 Nc6 6. exd4 cxd4 7. Bg2 Nf6 8. O-O Bd6 9. d3 O-O 10. Re1 Re8 11. a3 a5 12. Qc2 e5 13. Bg5 h6 14. Bxf6 Qxf6 15. Nbd2 Bf8 16. c5 Qe7 17. Rac1 {½-½ (57) Sargissian,G (2691)-Mastrovasilis,D (2594) Batumi 2018}) 4. bxc4 e5 5. Nc3 Nc6 {[%emt 0:01:30] LiveBook: 5 Games} 6. d3 Bb4 7. Bd2 Nf6 $146 ({Predecessor:} 7... Nge7 8. Rb1 f6 9. Qa4 Bxc3 10. Bxc3 O-O 11. e3 {½-½ (41) Badea,B (2480)-Vukovic,Z (2471) Bucharest 2000}) 8. g3 O-O 9. Bg2 Re8 10. O-O Rb8 11. Rb1 a5 12. Ng5 h6 13. Nge4 Nxe4 14. Nxe4 Bxd2 15. Qxd2 b6 16. Nc3 Bb7 17. c5 Nd4 18. cxb6 cxb6 19. Bxb7 Rxb7 20. Nb5 e4 21. Rfd1 Nxb5 22. Rxb5 exd3 23. Qxd3 Qxd3 24. exd3 Re2 25. Rdb1 Rxa2 26. Rxb6 Rxb6 $11 27. Rxb6 a4 28. Ra6 Rd2 29. Rxa4 Rxd3 1/2-1/2

[Event "25th Zadar Open 2018"]
[Site "Zadar"]
[Date "2018.12.22"]
[Round "9.24"]
[White "Bratovic, Blaz"]
[Black "Sahil, Tickoo"]
[Result "1-0"]
[ECO "B99"]
[WhiteElo "2307"]
[BlackElo "2224"]
[Annotator "NA"]
[PlyCount "101"]
[EventDate "2018.12.15"]
[EventType "swiss"]
[EventCountry "CRO"]
[SourceTitle "playchess.com"]
[Source "ChessBase"]
[SourceQuality "1"]
[TimeControl "40/5400+30:1800+30"]

1. e4 c5 2. Nf3 d6 3. d4 cxd4 4. Nxd4 Nf6 5. Nc3 a6 6. Bg5 e6 7. f4 Be7 8. Qf3 Qc7 9. O-O-O Nbd7 10. g4 h6 {[%emt 0:00:00] B99: Sicilian Najdorf: 6 Bg5 e6 7 f4 Be7 8 Qf3 Qc7 9 0-0-0 Nbd7} (10... b5 11. Bxf6 Nxf6 12. g5 Nd7 13. f5 O-O 14. h4 b4 15. Nce2 Bb7 16. Kb1 Rac8 17. Bh3 e5 18. f6 exd4 19. fxe7 Rfe8 20. Nxd4 Rxe7 21. Nf5 Rxe4 22. Nxd6 Rd4 23. Qxf7+ Kh8 24. Nxc8 {1-0 (24) Sutovsky,E (2683)-Huschenbeth,N (2596) Douglas 2017}) 11. Bxf6 Bxf6 12. Kb1 g5 13. e5 dxe5 14. Nxe6 $1 fxe6 15. fxg5 Bxg5 16. Ne4 Rf8 17. Qh3 $1 Ke7 $146 ({Predecessor:} 17... Bf4 18. Qh5+ {0-1 (34) Stachanczyk,J (2259)-Zsiltzova Lisenko,L (2224) Lyon 2015}) 18. Bg2 Nf6 19. Qa3+ Kf7 20. h4 Bf4 21. Nxf6 Qe7 22. Qxe7+ Kxe7 23. g5 hxg5 24. hxg5 Bxg5 $18 25. Nh7 Rg8 26. Nxg5 Rxg5 27. Rh7+ Kf6 28. Be4 Rg4 29. Bh1 e4 30. b3 b5 31. Kb2 a5 32. Rd4 Ke5 33. c3 Ra6 34. Bxe4 b4 35. Rh5+ Kf6 36. Rh8 bxc3+ 37. Kxc3 e5 38. Ra4 Bf5 39. Rf8+ Ke6 40. Bxf5+ Ke7 41. Rxg4 Kxf8 42. Bd3 Ra7 43. Bc4 Rh7 44. Rg8+ Ke7 45. Ra8 Rh3+ 46. Kb2 Kf6 47. Rxa5 Kf5 48. Ra8 e4 49. a4 e3 50. Re8 Kf4 51. a5 1-0

[Event "25th Zadar Open 2018"]
[Site "Zadar"]
[Date "2018.12.22"]
[Round "9.25"]
[White "Blagojevic, Tijana"]
[Black "Der Manuelian, Haik"]
[Result "0-1"]
[ECO "C47"]
[WhiteElo "2208"]
[BlackElo "2262"]
[Annotator "NA"]
[PlyCount "92"]
[EventDate "2018.12.15"]
[EventType "swiss"]
[EventCountry "CRO"]
[SourceTitle "playchess.com"]
[Source "ChessBase"]
[SourceQuality "1"]
[TimeControl "40/5400+30:1800+30"]

1. e4 e5 2. Nf3 Nc6 3. Nc3 Nf6 4. d4 exd4 5. Nxd4 Bb4 6. Nxc6 bxc6 7. Bd3 d5 8. exd5 cxd5 9. O-O O-O 10. h3 {[%emt 0:00:00] C47: Scotch Four Knights and Four Knights with 4 g3} h6 (10... c6 11. Qf3 Bd6 12. Bf4 Be6 13. Rfe1 Bxf4 14. Qxf4 Qb8 15. Qxb8 Raxb8 16. Na4 Nd7 17. b3 c5 {½-½ (35) Nakamura,H (2777)-So,W (2780) Saint Louis 2018}) 11. Qf3 Re8 12. Bf4 c6 13. Rfe1 Be6 14. a3 Bd6 {[%emt 0:01:30] LiveBook: 3 Games} 15. Ne2 c5 16. Rad1 $146 ({Predecessor:} 16. c3 a5 17. Rad1 Rb8 {½-½ (60) Betaneli,A (2204)-Sturt,R (2446) Saint Louis 2017}) 16... d4 17. c4 Bxf4 18. Nxf4 Rb8 19. Nxe6 Rxe6 20. Rxe6 fxe6 21. Re1 Qd6 22. Re2 e5 23. Qf5 Re8 24. f3 Qe6 25. Qg6 a5 26. g4 Qf7 27. Qf5 Qe6 28. Qg6 e4 29. Bxe4 Qxc4 30. Rc2 Qb5 31. Bd3 Qc6 32. Qf5 Qd6 33. Kg2 Nd5 34. Bc4 Re5 35. Qd3 Kh8 36. Bxd5 Qxd5 37. Re2 Rxe2+ 38. Qxe2 c4 39. Kf2 d3 40. Qd2 Qd4+ 41. Kf1 a4 42. Kg2 Qd8 43. Kg3 $2 (43. h4 {is more resistant.}) 43... Qb8+ 44. Kg2 {[%emt 0:00:30] [#]} (44. f4 $142 Qe8 45. Kf2) 44... Qb3 $19 45. Qa5 Qc2+ 46. Kf1 d2 0-1